Workbook

Sheet Excel U
A1: Additional Resources
A2: Excel University
A4: Excel University
B5: Learn Excel. Work Faster.
A7: Free Resources
B8: We have tons of free resources for helping you learn Excel:
B9: https://www.excel-university.com/learn-excel-free
A11: Paid
B12: We also offer formal training programs:
B13: https://store.excel-university.com

Sheet Inputs
B2: SaaS Revenue Forecast Model
B3: Prepared: February 2026
B5: Historical Performance | F5: Financing Assumptions
B7: FY 2024 Annual Recurring Revenue (ARR) | C7: 8400000 | F7: Tax Rate | G7: 0.25
B8: FY 2024 Total Customers | C8: 1240 | F8: Discount Rate (WACC) | G8: 0.12
B9: FY 2024 Average Revenue Per Account (ARPA) | F9: Terminal Growth Rate | G9: 0.03
B10: FY 2024 Monthly Churn Rate | C10: 0.022 | F10: Debt to Equity Ratio | G10: 0.15
B11: FY 2024 Gross Margin | C11: 0.74 | F11: Interest Rate on Debt | G11: 0.065
B12: FY 2024 Customer Acquisition Cost (CAC) | C12: 1850
B13: FY 2024 Operating Expenses | C13: 5200000
B16: Growth Assumptions
C17: FY 2025 | D17: FY 2026 | E17: FY 2027 | F17: FY 2028 | G17: FY 2029
B18: New Customer Growth Rate | C18: 0.28 | D18: 0.24 | E18: 0.2 | F18: 0.18 | G18: 0.15
B19: ARPA Growth Rate | C19: 0.05 | D19: 0.06 | E19: 0.05 | F19: 0.04 | G19: 0.04
B20: Monthly Churn Rate | C20: 0.02 | D20: 0.018 | E20: 0.016 | F20: 0.015 | G20: 0.014
B21: Gross Margin Target | C21: 0.75 | D21: 0.76 | E21: 0.78 | F21: 0.79 | G21: 0.8
B24: Operating Expense Assumptions
C25: FY 2025 | D25: FY 2026 | E25: FY 2027 | F25: FY 2028 | G25: FY 2029
B26: Sales & Marketing (% of Revenue) | C26: 0.35 | D26: 0.32 | E26: 0.3 | F26: 0.28 | G26: 0.26
B27: Research & Development (% of Revenue) | C27: 0.22 | D27: 0.21 | E27: 0.2 | F27: 0.19 | G27: 0.18
B28: General & Administrative (% of Revenue) | C28: 0.12 | D28: 0.11 | E28: 0.1 | F28: 0.09 | G28: 0.09
B29: Customer Acquisition Cost (CAC) | C29: 1750 | D29: 1650 | E29: 1550 | F29: 1500 | G29: 1450

Sheet Model
B2: Financial Model
C4: FY 2024A | D4: FY 2025 | E4: FY 2026 | F4: FY 2027 | G4: FY 2028 | H4: FY 2029
B5: Customer Metrics
B6: Beginning Customers | C6: 1120 | D6: =C9 -> 1240 | E6: =D9 -> 1300.8 | F6: =E9 -> 1464.2432 | G6: =F9 -> 1716.4077 | H6: =G9 -> 2036.7474
B7: New Customers | C7: 280 | D7: =C7*(1+Inputs!C18) -> 358.4 | E7: =D7*(1+Inputs!D18) -> 444.416 | F7: =E7*(1+Inputs!E18) -> 533.2992 | G7: =F7*(1+Inputs!F18) -> 629.29306 | H7: =G7*(1+Inputs!G18) -> 723.68701
B8: Churned Customers | C8: 160 | D8: =D6*Inputs!C20*12 -> 297.6 | E8: =E6*Inputs!D20*12 -> 280.9728 | F8: =F6*Inputs!E20*12 -> 281.13469 | G8: =G6*Inputs!F20*12 -> 308.95339 | H8: =H6*Inputs!G20*12 -> 342.17356
B9: Ending Customers | C9: 1240 | D9: =D6-D8+D7 -> 1300.8 | E9: =E6-E8+E7 -> 1464.2432 | F9: =F6-F8+F7 -> 1716.4077 | G9: =G6-G8+G7 -> 2036.7474 | H9: =H6-H8+H7 -> 2418.2608
B10: Net Customer Adds | C10: 120 | D10: =D7-D8 -> 60.8 | E10: =E7-E8 -> 163.4432 | F10: =F7-F8 -> 252.16451 | G10: =G7-G8 -> 320.33967 | H10: =H7-H8 -> 381.51346
B11: Average Revenue Per Account | C11: 6774 | D11: =C11*(1+Inputs!C19) -> 7112.7 | E11: =D11*(1+Inputs!D19) -> 7539.462 | F11: =E11*(1+Inputs!E19) -> 7916.4351 | G11: =F11*(1+Inputs!F19) -> 8233.0925 | H11: =G11*(1+Inputs!G19) -> 8562.4162
B13: Revenue Build
B14: Annual Recurring Revenue (ARR) | C14: 8400000 | D14: =D9*D11 -> 9252200.2 | E14: =E9*E11 -> 11039606 | F14: =F9*F11 -> 13587830 | G14: =G9*G11 -> 16768730 | H14: =H9*H11 -> 20706156
B15: Professional Services Revenue | C15: 420000 | D15: =D14*0.05 -> 462610.01 | E15: =E14*0.05 -> 551980.3 | F15: =F14*0.05 -> 679391.51 | G15: =G14*0.05 -> 838436.48 | H15: =H14*0.05 -> 1035307.8
B16: Total Revenue | C16: 8820000 | D16: =D14+D15 -> 9714810.2 | E16: =E14+E15 -> 11591586 | F16: =F14+F15 -> 14267222 | G16: =G14+G15 -> 17607166 | H16: =H14+H15 -> 21741464
B17: YoY Revenue Growth | D17: =D16/C16-1 -> 0.1014524 | E17: =E16/D16-1 -> 0.19318711 | F17: =F16/E16-1 -> 0.23082565 | G17: =G16/F16-1 -> 0.23409914 | H17: =H16/G16-1 -> 0.23480766
B19: Cost Structure
B20: Cost of Goods Sold | C20: 2293200 | D20: =D16*(1-Inputs!C21) -> 2428702.5 | E20: =E16*(1-Inputs!D21) -> 2781980.7 | F20: =F16*(1-Inputs!E21) -> 3138788.8 | G20: =G16*(1-Inputs!F21) -> 3697504.9 | H20: =H16*(1-Inputs!G21) -> 4348292.7
B21: Gross Profit | C21: 6526800 | D21: =D16-D20 -> 7286107.6 | E21: =E16-E20 -> 8809605.6 | F21: =F16-F20 -> 11128433 | G21: =G16-G20 -> 13909661 | H21: =H16-H20 -> 17393171
B22: Gross Margin % | C22: 0.74 | D22: =D21/D16 -> 0.75 | E22: =E21/E16 -> 0.76 | F22: =F21/F16 -> 0.78 | G22: =G21/G16 -> 0.79 | H22: =H21/H16 -> 0.8
B24: Operating Expenses
B25: Sales & Marketing | C25: 3087000 | D25: =D16*Inputs!C26 -> 3400183.6 | E25: =E16*Inputs!D26 -> 3709307.6 | F25: =F16*Inputs!E26 -> 4280166.5 | G25: =G16*Inputs!F26 -> 4930006.5 | H25: =H16*Inputs!G26 -> 5652780.5
B26: Research & Development | C26: 1940400 | D26: =D16*Inputs!C27 -> 2137258.2 | E26: =E16*Inputs!D27 -> 2434233.1 | F26: =F16*Inputs!E27 -> 2853444.3 | G26: =G16*Inputs!F27 -> 3345361.5 | H26: =H16*Inputs!G27 -> 3913463.4
B27: General & Administrative | C27: 1058400 | D27: =D16*Inputs!C28 -> 1165777.2 | E27: =E16*Inputs!D28 -> 1275074.5 | F27: =F16*Inputs!E28 -> 1426722.2 | G27: =G16*Inputs!F28 -> 1584644.9 | H27: =H16*Inputs!G28 -> 1956731.7
B28: Total Operating Expenses | C28: 6085800 | D28: =SUM(D25:D27) -> 6703219 | E28: =SUM(E25:E27) -> 7418615.2 | F28: =SUM(F25:F27) -> 8560333 | G28: =SUM(G25:G27) -> 9860013 | H28: =SUM(H25:H27) -> 11522976
B29: Operating Expenses % of Revenue | C29: 0.69 | D29: =D28/D16 -> 0.69 | E29: =E28/E16 -> 0.64 | F29: =F28/F16 -> 0.6 | G29: =G28/G16 -> 0.56 | H29: =H28/H16 -> 0.53
B31: Profitability
B32: EBITDA | C32: 440000 | D32: =D21-D28 -> 582888.61 | E32: =E21-E28 -> 1390990.4 | F32: =F21-F28 -> 2568099.9 | G32: =G21-G28 -> 4049648.2 | H32: =H21-H28 -> 5870195.1
B33: EBITDA Margin % | C33: 0.05 | D33: =D32/D16 -> 0.06 | E33: =E32/E16 -> 0.12 | F33: =F32/F16 -> 0.18 | G33: =G32/G16 -> 0.23 | H33: =H32/H16 -> 0.27
B34: Depreciation & Amortization | C34: 176000 | D34: =D16*0.02 -> 194296.2 | E34: =E16*0.02 -> 231831.73 | F34: =F16*0.02 -> 285344.43 | G34: =G16*0.02 -> 352143.32 | H34: =H16*0.02 -> 434829.27
B35: EBIT | C35: 264000 | D35: =D32-D34 -> 388592.41 | E35: =E32-E34 -> 1159158.6 | F35: =F32-F34 -> 2282755.5 | G35: =G32-G34 -> 3697504.9 | H35: =H32-H34 -> 5435365.9
B36: Interest Expense | C36: 50700 | D36: =(C36/Inputs!G11)*Inputs!G11 -> 50700 | E36: =(C36/Inputs!G11)*Inputs!G11 -> 50700 | F36: =(C36/Inputs!G11)*Inputs!G11 -> 50700 | G36: =(C36/Inputs!G11)*Inputs!G11 -> 50700 | H36: =(C36/Inputs!G11)*Inputs!G11 -> 50700
B37: Pre-Tax Income | C37: 213300 | D37: =D35-D36 -> 337892.41 | E37: =E35-E36 -> 1108458.6 | F37: =F35-F36 -> 2232055.5 | G37: =G35-G36 -> 3646804.9 | H37: =H35-H36 -> 5384665.9
B38: Income Tax | C38: 53325 | D38: =D37*Inputs!G7 -> 84473.102 | E38: =E37*Inputs!G7 -> 277114.66 | F38: =F37*Inputs!G7 -> 558013.87 | G38: =G37*Inputs!G7 -> 911701.22 | H38: =H37*Inputs!G7 -> 1346166.5
B39: Net Income | C39: 159975 | D39: =D37-D38 -> 253419.31 | E39: =E37-E38 -> 831343.97 | F39: =F37-F38 -> 1674041.6 | G39: =G37-G38 -> 2735103.6 | H39: =H37-H38 -> 4038499.4
B40: Net Margin % | C40: 0.018 | D40: =D39/D16 -> 0.026085873 | E40: =E39/E16 -> 0.071719603 | F40: =F39/F16 -> 0.1173348 | G40: =G39/G16 -> 0.15534037 | H40: =H39/H16 -> 0.18575104
B42: Key SaaS Metrics
B43: Monthly Recurring Revenue (MRR) | C43: 700000 | D43: =D14/12 -> 771016.68 | E43: =E14/12 -> 919967.16 | F43: =F14/12 -> 1132319.2 | G43: =G14/12 -> 1397394.1 | H43: =H14/12 -> 1725513
B44: LTV per Customer | C44: 18567 | D44: =D11/Inputs!C20 -> 355635 | E44: =E11/Inputs!D20 -> 418859 | F44: =F11/Inputs!E20 -> 494777.19 | G44: =G11/Inputs!F20 -> 548872.83 | H44: =H11/Inputs!G20 -> 611601.16
B45: CAC | C45: 1850 | D45: =Inputs!C29 -> 1750 | E45: =Inputs!D29 -> 1650 | F45: =Inputs!E29 -> 1550 | G45: =Inputs!F29 -> 1500 | H45: =Inputs!G29 -> 1450
B46: LTV/CAC Ratio | C46: 10 | D46: =D44/D45 -> 203.22 | E46: =E44/E45 -> 253.85394 | F46: =F44/F45 -> 319.21109 | G46: =G44/G45 -> 365.91522 | H46: =H44/H45 -> 421.7939
B47: CAC Payback (months) | C47: 16.4 | D47: =D45/(D11/12) -> 2.9524653 | E47: =E45/(E11/12) -> 2.6261821 | F47: =F45/(F11/12) -> 2.3495424 | G47: =G45/(G11/12) -> 2.1862988 | H47: =H45/(H11/12) -> 2.0321367
B48: Net Revenue Retention | C48: 1.08 | D48: =(1+Inputs!C19)*(1-Inputs!C20*12) -> 0.798 | E48: =(1+Inputs!D19)*(1-Inputs!D20*12) -> 0.83104 | F48: =(1+Inputs!E19)*(1-Inputs!E20*12) -> 0.8484 | G48: =(1+Inputs!F19)*(1-Inputs!F20*12) -> 0.8528 | H48: =(1+Inputs!G19)*(1-Inputs!G20*12) -> 0.86528
B49: Rule of 40 Score | D49: =D17+D33 -> 0.1614524 | E49: =E17+E33 -> 0.31318711 | F49: =F17+F33 -> 0.41082565 | G49: =G17+G33 -> 0.46409914 | H49: =H17+H33 -> 0.50480766

Sheet Exercise1
A1: Exercise 1
A2: Excel University
A4: Exercise | B4: Review the Inputs sheet and Model sheet.
B5: Build the formulas for the Customer Metrics and Revenue Build sections of the Model, pulling assumptions from the Inputs sheet.
B6: Project FY 2025 through FY 2029.

Sheet Exercise2
A1: Exercise 2
A2: Excel University
A4: Exercise | B4: Build the Cost Structure, Operating Expenses, and Profitability sections of the Model.
B5: Calculate EBITDA, EBIT, and Net Income for each forecast year.
B6: Also compute the Key SaaS Metrics section including MRR, LTV, CAC ratio, and Rule of 40.

Sheet Scenarios
B2: Scenario Analysis
C5: Base Case | D5: Δ vs Base | E5: Bull Case | F5: Δ vs Base | G5: Bear Case | H5: Δ vs Base
B6: Customer Growth Rate (Yr1) | C6: 0.28 | E6: 0.35 | G6: 0.18
B7: Customer Growth Rate (Yr5) | C7: 0.15 | E7: 0.22 | G7: 0.08
B8: Monthly Churn Rate (Yr1) | C8: 0.02 | E8: 0.018 | G8: 0.025
B9: Monthly Churn Rate (Yr5) | C9: 0.014 | E9: 0.01 | G9: 0.02
B10: ARPA Growth Rate | C10: 0.05 | E10: 0.08 | G10: 0.03
B11: Gross Margin (Yr5) | C11: 0.8 | E11: 0.82 | G11: 0.76
B12: S&M % of Revenue (Yr5) | C12: 0.26 | E12: 0.24 | G12: 0.3
B13: R&D % of Revenue (Yr5) | C13: 0.18 | E13: 0.17 | G13: 0.2
B16: Scenario Results Summary
B17: FY 2029 ARR | C17: =G40 -> 20988596 | D17: — | E17: =G62 -> 31463399 | F17: =E17/C17-1 -> 0.49907117 | G17: =G84 -> 12822318 | H17: =G17/C17-1 -> -0.38908169
B18: FY 2029 Net Income | C18: =G47 -> 4094104.8 | D18: — | E18: =G69 -> 7395203 | F18: =E18/C18-1 -> 0.80630525 | G18: =G91 -> 1476611.3 | H18: =G18/C18-1 -> -0.63933232
B19: FY 2029 EBITDA Margin | C19: =G46 -> 0.27 | D19: — | E19: =G68 -> 0.32 | F19: =E19-C19 -> 0.05 | G19: =G90 -> 0.17 | H19: =G19-C19 -> -0.1
B20: FY 2029 Ending Customers | C20: =G38 -> 2427.6814 | D20: — | E20: =G60 -> 3161.125 | F20: =E20/C20-1 -> 0.30211688 | G20: =G82 -> 1632.8083 | H20: =G20/C20-1 -> -0.32742067
B21: Cumulative Free Cash Flow
B22: Terminal Value
B25: Scenario Calculation Engine
B27: BASE CASE | C27: FY 2025 | D27: FY 2026 | E27: FY 2027 | F27: FY 2028 | G27: FY 2029
B28: Customer Growth Rate | C28: =C6 -> 0.28 | D28: =C6+(C7-C6)*1/4 -> 0.2475 | E28: =C6+(C7-C6)*2/4 -> 0.215 | F28: =C6+(C7-C6)*3/4 -> 0.1825 | G28: =C7 -> 0.15
B29: Monthly Churn Rate | C29: =C8 -> 0.02 | D29: =C8+(C9-C8)*1/4 -> 0.0185 | E29: =C8+(C9-C8)*2/4 -> 0.017 | F29: =C8+(C9-C8)*3/4 -> 0.0155 | G29: =C9 -> 0.014
B30: ARPA Growth Rate | C30: =C10 -> 0.05 | D30: =C10 -> 0.05 | E30: =C10 -> 0.05 | F30: =C10 -> 0.05 | G30: =C10 -> 0.05
B31: Gross Margin | C31: =Inputs!C11+(C11-Inputs!C11)*1/5 -> 0.752 | D31: =Inputs!C11+(C11-Inputs!C11)*2/5 -> 0.764 | E31: =Inputs!C11+(C11-Inputs!C11)*3/5 -> 0.776 | F31: =Inputs!C11+(C11-Inputs!C11)*4/5 -> 0.788 | G31: =C11 -> 0.8
B32: S&M % of Revenue | C32: =Inputs!C26+(C12-Inputs!C26)*1/5 -> 0.332 | D32: =Inputs!C26+(C12-Inputs!C26)*2/5 -> 0.314 | E32: =Inputs!C26+(C12-Inputs!C26)*3/5 -> 0.296 | F32: =Inputs!C26+(C12-Inputs!C26)*4/5 -> 0.278 | G32: =C12 -> 0.26
B33: R&D % of Revenue | C33: =Inputs!C27+(C13-Inputs!C27)*1/5 -> 0.212 | D33: =Inputs!C27+(C13-Inputs!C27)*2/5 -> 0.204 | E33: =Inputs!C27+(C13-Inputs!C27)*3/5 -> 0.196 | F33: =Inputs!C27+(C13-Inputs!C27)*4/5 -> 0.188 | G33: =C13 -> 0.18
B35: Beginning Customers | C35: =Inputs!C8 -> 1240 | D35: =C38 -> 1300.8 | E35: =D38 -> 1459.1264 | F35: =E38 -> 1704.696 | G35: =F38 -> 2029.9936
B36: New Customers | C36: =Model!C7*(1+C28) -> 358.4 | D36: =C36*(1+D28) -> 447.104 | E36: =D36*(1+E28) -> 543.23136 | F36: =E36*(1+F28) -> 642.37108 | G36: =F36*(1+G28) -> 738.72675
B37: Churned Customers | C37: =C35*C29*12 -> 297.6 | D37: =D35*D29*12 -> 288.7776 | E37: =E35*E29*12 -> 297.66179 | F37: =F35*F29*12 -> 317.07345 | G37: =G35*G29*12 -> 341.03893
B38: Ending Customers | C38: =C35-C37+C36 -> 1300.8 | D38: =D35-D37+D36 -> 1459.1264 | E38: =E35-E37+E36 -> 1704.696 | F38: =F35-F37+F36 -> 2029.9936 | G38: =G35-G37+G36 -> 2427.6814
B39: ARPA | C39: =Model!C11*(1+C30) -> 7112.7 | D39: =C39*(1+D30) -> 7468.335 | E39: =D39*(1+E30) -> 7841.7518 | F39: =E39*(1+F30) -> 8233.8393 | G39: =F39*(1+G30) -> 8645.5313
B40: ARR | C40: =C38*C39 -> 9252200.2 | D40: =D38*D39 -> 10897245 | E40: =E38*E39 -> 13367803 | F40: =F38*F39 -> 16714641 | G40: =G38*G39 -> 20988596
B41: Prof. Services (5%) | C41: =C40*0.05 -> 462610.01 | D41: =D40*0.05 -> 544862.24 | E41: =E40*0.05 -> 668390.13 | F41: =F40*0.05 -> 835732.06 | G41: =G40*0.05 -> 1049429.8
B42: Total Revenue | C42: =C40+C41 -> 9714810.2 | D42: =D40+D41 -> 11442107 | E42: =E40+E41 -> 14036193 | F42: =F40+F41 -> 17550373 | G42: =G40+G41 -> 22038026
B43: Gross Profit | C43: =C42*C31 -> 7305537.2 | D43: =D42*D31 -> 8741769.7 | E43: =E42*E31 -> 10892086 | F43: =F42*F31 -> 13829694 | G43: =G42*G31 -> 17630420
B44: Total OpEx | C44: =C42*(C32+C33+0.09) -> 6159189.6 | D44: =D42*(D32+D33+0.09) -> 6956801.1 | E44: =E42*(E32+E33+0.09) -> 8169064.2 | F44: =F42*(F32+F33+0.09) -> 9758007.5 | G44: =G42*(G32+G33+0.09) -> 11680154
B45: EBITDA | C45: =C43-C44 -> 1146347.6 | D45: =D43-D44 -> 1784968.7 | E45: =E43-E44 -> 2723021.4 | F45: =F43-F44 -> 4071686.6 | G45: =G43-G44 -> 5950266.9
B46: EBITDA Margin | C46: =C45/C42 -> 0.118 | D46: =D45/D42 -> 0.156 | E46: =E45/E42 -> 0.194 | F46: =F45/F42 -> 0.232 | G46: =G45/G42 -> 0.27
B47: Net Income | C47: =(C45-C42*0.02-Model!C36)*(1-Inputs!G7) -> 676013.55 | D47: =(D45-D42*0.02-Model!C36)*(1-Inputs!G7) -> 1129069.9 | E47: =(E45-E42*0.02-Model!C36)*(1-Inputs!G7) -> 1793698.2 | F47: =(F45-F42*0.02-Model!C36)*(1-Inputs!G7) -> 2752484.4 | G47: =(G45-G42*0.02-Model!C36)*(1-Inputs!G7) -> 4094104.8
B49: BULL CASE | D49: FY 2025 | E49: FY 2026 | F49: FY 2027 | G49: FY 2029
B50: Customer Growth Rate | C50: =E6 -> 0.35 | D50: =E6+(E7-E6)*1/4 -> 0.3175 | E50: =E6+(E7-E6)*2/4 -> 0.285 | F50: =E6+(E7-E6)*3/4 -> 0.2525 | G50: =E7 -> 0.22
B51: Monthly Churn Rate | C51: =E8 -> 0.018 | D51: =E8+(E9-E8)*1/4 -> 0.016 | E51: =E8+(E9-E8)*2/4 -> 0.014 | F51: =E8+(E9-E8)*3/4 -> 0.012 | G51: =E9 -> 0.01
B52: ARPA Growth Rate | C52: =E10 -> 0.08 | D52: =E10 -> 0.08 | E52: =E10 -> 0.08 | F52: =E10 -> 0.08 | G52: =E10 -> 0.08
B53: Gross Margin | C53: =Inputs!C11+(E11-Inputs!C11)*1/5 -> 0.756 | D53: =Inputs!C11+(E11-Inputs!C11)*2/5 -> 0.772 | E53: =Inputs!C11+(E11-Inputs!C11)*3/5 -> 0.788 | F53: =Inputs!C11+(E11-Inputs!C11)*4/5 -> 0.804 | G53: =E11 -> 0.82
B54: S&M % of Revenue | C54: =Inputs!C26+(E12-Inputs!C26)*1/5 -> 0.328 | D54: =Inputs!C26+(E12-Inputs!C26)*2/5 -> 0.306 | E54: =Inputs!C26+(E12-Inputs!C26)*3/5 -> 0.284 | F54: =Inputs!C26+(E12-Inputs!C26)*4/5 -> 0.262 | G54: =E12 -> 0.24
B55: R&D % of Revenue | C55: =Inputs!C27+(E13-Inputs!C27)*1/5 -> 0.21 | D55: =Inputs!C27+(E13-Inputs!C27)*2/5 -> 0.2 | E55: =Inputs!C27+(E13-Inputs!C27)*3/5 -> 0.19 | F55: =Inputs!C27+(E13-Inputs!C27)*4/5 -> 0.18 | G55: =E13 -> 0.17
B57: Beginning Customers | C57: =Inputs!C8 -> 1240 | D57: =C60 -> 1350.16 | E57: =D60 -> 1588.9443 | F57: =E60 -> 1961.9509 | G57: =F60 -> 2480.9665
B58: New Customers | C58: =Model!C7*(1+C50) -> 378 | D58: =C58*(1+D50) -> 498.015 | E58: =D58*(1+E50) -> 639.94927 | F58: =E58*(1+F50) -> 801.53647 | G58: =F58*(1+G50) -> 977.87449
B59: Churned Customers | C59: =C57*C51*12 -> 267.84 | D59: =D57*D51*12 -> 259.23072 | E59: =E57*E51*12 -> 266.94264 | F59: =F57*F51*12 -> 282.52093 | G59: =G57*G51*12 -> 297.71597
B60: Ending Customers | C60: =C57-C59+C58 -> 1350.16 | D60: =D57-D59+D58 -> 1588.9443 | E60: =E57-E59+E58 -> 1961.9509 | F60: =F57-F59+F58 -> 2480.9665 | G60: =G57-G59+G58 -> 3161.125
B61: ARPA | C61: =Model!C11*(1+C52) -> 7315.92 | D61: =C61*(1+D52) -> 7901.1936 | E61: =D61*(1+E52) -> 8533.2891 | F61: =E61*(1+F52) -> 9215.9522 | G61: =F61*(1+G52) -> 9953.2284
B62: ARR | C62: =C60*C61 -> 9877662.5 | D62: =D60*D61 -> 12554556 | E62: =E60*E61 -> 16741894 | F62: =F60*F61 -> 22864468 | G62: =G60*G61 -> 31463399
B63: Prof. Services (5%) | C63: =C62*0.05 -> 493883.13 | D63: =D62*0.05 -> 627727.82 | E63: =E62*0.05 -> 837094.72 | F63: =F62*0.05 -> 1143223.4 | G63: =G62*0.05 -> 1573169.9
B64: Total Revenue | C64: =C62+C63 -> 10371546 | D64: =D62+D63 -> 13182284 | E64: =E62+E63 -> 17578989 | F64: =F62+F63 -> 24007692 | G64: =G62+G63 -> 33036569
B65: Gross Profit | C65: =C64*C53 -> 7840888.5 | D65: =D64*D53 -> 10176723 | E65: =E64*E53 -> 13852243 | F65: =F64*F53 -> 19302184 | G65: =G64*G53 -> 27089986
B66: Total OpEx | C66: =C64*(C54+C55+0.09) -> 6513330.7 | D66: =D64*(D54+D55+0.09) -> 7856641.4 | E66: =E64*(E54+E55+0.09) -> 9914549.8 | F66: =F64*(F54+F55+0.09) -> 12772092 | G66: =G64*(G54+G55+0.09) -> 16518284
B67: EBITDA | C67: =C65-C66 -> 1327557.8 | D67: =D65-D66 -> 2320082 | E67: =E65-E66 -> 3937693.5 | F67: =F65-F66 -> 6530092.1 | G67: =G65-G66 -> 10571702
B68: EBITDA Margin | C68: =C67/C64 -> 0.128 | D68: =D67/D64 -> 0.176 | E68: =E67/E64 -> 0.224 | F68: =F67/F64 -> 0.272 | G68: =G67/G64 -> 0.32
B69: Net Income | C69: =(C67-C64*0.02-Model!C36)*(1-Inputs!G7) -> 802070.2 | D69: =(D67-D64*0.02-Model!C36)*(1-Inputs!G7) -> 1504302.3 | E69: =(E67-E64*0.02-Model!C36)*(1-Inputs!G7) -> 2651560.3 | F69: =(F67-F64*0.02-Model!C36)*(1-Inputs!G7) -> 4499428.7 | G69: =(G67-G64*0.02-Model!C36)*(1-Inputs!G7) -> 7395203
B71: BEAR CASE | D71: FY 2025 | E71: FY 2026 | F71: FY 2027 | G71: FY 2029
B72: Customer Growth Rate | C72: =G6 -> 0.18 | D72: =G6+(G7-G6)*1/4 -> 0.155 | E72: =G6+(G7-G6)*2/4 -> 0.13 | F72: =G6+(G7-G6)*3/4 -> 0.105 | G72: =G7 -> 0.08
B73: Monthly Churn Rate | C73: =G8 -> 0.025 | D73: =G8+(G9-G8)*1/4 -> 0.02375 | E73: =G8+(G9-G8)*2/4 -> 0.0225 | F73: =G8+(G9-G8)*3/4 -> 0.02125 | G73: =G9 -> 0.02
B74: ARPA Growth Rate | C74: =G10 -> 0.03 | D74: =G10 -> 0.03 | E74: =G10 -> 0.03 | F74: =G10 -> 0.03 | G74: =G10 -> 0.03
B75: Gross Margin | C75: =Inputs!C11+(G11-Inputs!C11)*1/5 -> 0.744 | D75: =Inputs!C11+(G11-Inputs!C11)*2/5 -> 0.748 | E75: =Inputs!C11+(G11-Inputs!C11)*3/5 -> 0.752 | F75: =Inputs!C11+(G11-Inputs!C11)*4/5 -> 0.756 | G75: =G11 -> 0.76
B76: S&M % of Revenue | C76: =Inputs!C26+(G12-Inputs!C26)*1/5 -> 0.34 | D76: =Inputs!C26+(G12-Inputs!C26)*2/5 -> 0.33 | E76: =Inputs!C26+(G12-Inputs!C26)*3/5 -> 0.32 | F76: =Inputs!C26+(G12-Inputs!C26)*4/5 -> 0.31 | G76: =G12 -> 0.3
B77: R&D % of Revenue | C77: =Inputs!C27+(G13-Inputs!C27)*1/5 -> 0.216 | D77: =Inputs!C27+(G13-Inputs!C27)*2/5 -> 0.212 | E77: =Inputs!C27+(G13-Inputs!C27)*3/5 -> 0.208 | F77: =Inputs!C27+(G13-Inputs!C27)*4/5 -> 0.204 | G77: =G13 -> 0.2
B79: Beginning Customers | C79: =Inputs!C8 -> 1240 | D79: =C82 -> 1198.4 | E79: =D82 -> 1238.468 | F79: =E82 -> 1335.3032 | G79: =F82 -> 1471.3007
B80: New Customers | C80: =Model!C7*(1+C72) -> 330.4 | D80: =C80*(1+D72) -> 381.612 | E80: =D80*(1+E72) -> 431.22156 | F80: =E80*(1+F72) -> 476.49982 | G80: =F80*(1+G72) -> 514.61981
B81: Churned Customers | C81: =C79*C73*12 -> 372 | D81: =D79*D73*12 -> 341.544 | E81: =E79*E73*12 -> 334.38636 | F81: =F79*F73*12 -> 340.50232 | G81: =G79*G73*12 -> 353.11217
B82: Ending Customers | C82: =C79-C81+C80 -> 1198.4 | D82: =D79-D81+D80 -> 1238.468 | E82: =E79-E81+E80 -> 1335.3032 | F82: =F79-F81+F80 -> 1471.3007 | G82: =G79-G81+G80 -> 1632.8083
B83: ARPA | C83: =Model!C11*(1+C74) -> 6977.22 | D83: =C83*(1+D74) -> 7186.5366 | E83: =D83*(1+E74) -> 7402.1327 | F83: =E83*(1+F74) -> 7624.1967 | G83: =F83*(1+G74) -> 7852.9226
B84: ARR | C84: =C82*C83 -> 8361500.4 | D84: =D82*D83 -> 8900295.6 | E84: =E82*E83 -> 9884091.5 | F84: =F82*F83 -> 11217486 | G84: =G82*G83 -> 12822318
B85: Prof. Services (5%) | C85: =C84*0.05 -> 418075.02 | D85: =D84*0.05 -> 445014.78 | E85: =E84*0.05 -> 494204.57 | F85: =F84*0.05 -> 560874.3 | G85: =G84*0.05 -> 641115.88
B86: Total Revenue | C86: =C84+C85 -> 8779575.5 | D86: =D84+D85 -> 9345310.4 | E86: =E84+E85 -> 10378296 | F86: =F84+F85 -> 11778360 | G86: =G84+G85 -> 13463433
B87: Gross Profit | C87: =C86*C75 -> 6532004.1 | D87: =D86*D75 -> 6990292.2 | E87: =E86*E75 -> 7804478.6 | F87: =F86*F75 -> 8904440.4 | G87: =G86*G75 -> 10232209
B88: Total OpEx | C88: =C86*(C76+C77+0.09) -> 5671605.8 | D88: =D86*(D76+D77+0.09) -> 5906236.2 | E88: =E86*(E76+E77+0.09) -> 6413787 | F88: =F86*(F76+F77+0.09) -> 7114129.6 | G88: =G86*(G76+G77+0.09) -> 7943425.7
B89: EBITDA | C89: =C87-C88 -> 860398.4 | D89: =D87-D88 -> 1084056 | E89: =E87-E88 -> 1390691.7 | F89: =F87-F88 -> 1790310.8 | G89: =G87-G88 -> 2288783.7
B90: EBITDA Margin | C90: =C89/C86 -> 0.098 | D90: =D89/D86 -> 0.116 | E90: =E89/E86 -> 0.134 | F90: =F89/F86 -> 0.152 | G90: =G89/G86 -> 0.17
B91: Net Income | C91: =(C89-C86*0.02-Model!C36)*(1-Inputs!G7) -> 475580.17 | D91: =(D89-D86*0.02-Model!C36)*(1-Inputs!G7) -> 634837.35 | E91: =(E89-E86*0.02-Model!C36)*(1-Inputs!G7) -> 849319.31 | F91: =(F89-F86*0.02-Model!C36)*(1-Inputs!G7) -> 1128032.7 | G91: =(G89-G86*0.02-Model!C36)*(1-Inputs!G7) -> 1476611.3

Sheet Exercise3
A1: Exercise 3
A2: Excel University
A4: Exercise | B4: Build a scenario analysis on the Scenarios sheet.
B5: Create formulas that show how FY 2029 ARR, Net Income, EBITDA Margin, and Ending Customers change under Base, Bull, and Bear assumptions.
